 Dungeon Crawl Stone Soup version 0.20-a0-217-g17e8ceb (webtiles) character file.

441 Lochraine the Digger (level 7, -3/36 HPs)
             Began as a Gargoyle Earth Elementalist on Nov 28, 2016.
             Slain by an ogre
             ... wielding a +0 giant club
              (14 damage)
             ... on level 3 of the Dungeon.
             The game lasted 00:08:54 (3858 turns).

Lochraine the Digger (Gargoyle Earth Elementalist)  Turns: 3858, Time: 00:08:55

Health: -3/36      AC:  6    Str: 11    XL:     7   Next: 2%
Magic:  15/15      EV: 12    Int: 18    God:
Gold:   248        SH:  0    Dex: 10    Spells: 16/17 levels left

rFire  . . .     SeeInvis .     b - 34 stones
rCold  . . .     Gourm    .     c - +0 robe
rNeg   + . .     Faith    .     (no shield)
rPois  ∞         Spirit   .     (no helmet)
rElec  +         Reflect  .     (no cloak)
rCorr  .         Harm     .     (no gloves)
MR     .....                    (no boots)
Stlth  ++........               (no amulet)
                                (no ring)
                                (no ring)

@: no status effects
A: negative energy resistance 1, electricity resistance, unbreathing,
petrification resistance, rot immunity, AC +4
a: no special abilities


You were on level 3 of the Dungeon.
You were hungry.

You visited 1 branch of the dungeon, and saw 4 of its levels.

You collected 248 gold pieces.

Inventory:

Hand Weapons
 a - a +1 hand axe of venom
 o - a +0 whip
Missiles
 b - 34 stones (in hand)
Armour
 c - a +0 robe (worn)
Scrolls
 i - a scroll of teleportation
 l - 3 scrolls of identify
 n - 2 scrolls of enchant weapon
Potions
 g - a potion of resistance
 h - a potion of berserk rage {unknown}
 j - a potion of might {unknown}
 k - a potion of mutation {unknown}
 m - 2 potions of cure mutation {unknown}
Books
 e - a book of Geomancy

   Spells                             Type                      Level
   a - Sandblast                      Earth                        1
   b - Passwall                       Transmutation/Earth          2
   c - Stone Arrow                    Conjuration/Earth            3
   d - Petrify                        Transmutation/Earth          4
   e - Lee's Rapid Deconstruction     Earth                        5
Comestibles
 d - a bread ration
 f - a meat ration


   Skills:
 - Level 1.5 Dodging
 - Level 2.1 Stealth
 * Level 5.5 Spellcasting
   Level 0.7 Transmutations
 + Level 6.1 Earth Magic


You had 16 spell levels left.
You knew the following spells:

 Your Spells              Type           Power        Failure   Level  Hunger
a - Sandblast             Erth           ####..       1%          1    None


Dungeon Overview and Level Annotations

Branches:
Dungeon (4/15)
 Temple: D:4-7

Altars:
The Shining One


Innate Abilities, Weirdness & Mutations

You are resistant to torment.
Your stone body is resilient. (AC +4)
You are immune to poison.
You resist negative energy. (rN+)
You are resistant to electric shocks. (rElec)
You can survive without breathing.
You are immune to petrification.
You are immune to rotting.


Message History

Casting: Sandblast
Confirm with . or Enter, or press ? or * to list all spells.
Aiming: Sandblast
Press: ? - help, Shift-Dir - straight line, f/p - ogre
Aim: an ogre, wielding a giant club
Okay, then.
Unknown command.
Okay, then.
Found 23 stones.
Found a stone staircase leading up.
A worker ant comes into view.
The worker ant moves out of view.
There is a stone staircase leading up here.
You climb upwards.
A jackal comes into view.
There is a stone staircase leading down here.
The ogre completely misses you.
The ogre shouts!
The ogre hits you with a giant club!
You die...

#............#.#####)#####.#...
#########....#.##..........#...
#............#......<......#...
#.######.....#.............#...
#.# #............#########.'...
#.# #.##..........####.....#...
#.# #.##......O##.#............
##.###.#....♣.O.##.#.##.........
#......#...♣.♣.@.....##.........
#######...♣._.♣[.######......###
##...♣.♣...# #......#..
#....♣...## #........#
###........# ####.###..
#.......#### ... ... #.......#
.....##. #.......# ...##.
#.....### .. #.


You could see 2 ogres.

Vanquished Creatures
  A howler monkey (D:4)
  A hound (D:4)
  2 orc priests
  A centaur skeleton (D:4)
  3 orc wizards
  A worker ant (D:4)
  4 adders
  5 gnolls
  2 worms
  4 dart slugs
  3 leopard geckos
  8 orcs
  8 bats
  8 goblins
  8 hobgoblins
  7 jackals (D:3)
  A quokka (D:2)
  A ball python (D:2)
  2 frilled lizards
  3 giant cockroaches
  5 kobolds
  7 rats
85 creatures vanquished.

Notes
Turn   | Place    | Note
-------+----------+-------------------------------------------
     0 | D:1      | Lochraine the Gargoyle Earth Elementalist began the quest for the Orb.
     0 | D:1      | Reached XP level 1. HP: 10/10 MP: 3/3
   645 | D:1      | Reached skill level 4 in Earth Magic
   645 | D:1      | Reached XP level 2. HP: 15/15 MP: 1/5
  1328 | D:1      | Reached XP level 3. HP: 19/19 MP: 2/7
  1879 | D:2      | Reached XP level 4. HP: 14/24 MP: 4/8
  2501 | D:3      | Reached skill level 5 in Earth Magic
  2501 | D:3      | Reached XP level 5. HP: 19/28 MP: 5/11
  2867 | D:3      | Found a glowing golden altar of the Shining One.
  2905 | D:3      | Found a faded altar of an unknown god.
  3231 | D:3      | Noticed an ogre
  3431 | D:4      | Reached XP level 6. HP: 27/32 MP: 11/13
  3501 | D:4      | Reached skill level 5 in Spellcasting
  3796 | D:4      | Reached skill level 6 in Earth Magic
  3807 | D:4      | Reached XP level 7. HP: 23/36 MP: 12/15
  3858 | D:3      | Slain by an ogre

Vault maps used:
D:1:      lightli_arrival_flooded_house
D:3:      lemuel_castle_with_subvaults, chequers_ecumenical_altar_simple_redux,
          tso_metal_star
D:4:      kennysheep_goblin_castle

Skill      XL: |  1  2  3  4  5  6 |
---------------+-------------------+-----
Earth Magic    | 4 5 6 |  6.1
Spellcasting   | 3 4 5 |  5.5
Dodging        | |  1.5
Stealth        | |  2.1
Transmutations | |  0.7

Action                   |  1- 3 |  4- 6 |  7- 9 || total
-------------------------+-------+-------+-------++-------
Melee: Unarmed           |    32 |       |       ||    32
       Whip              |    38 |    63 |       ||   101
       Hand axe          |       |    94 |       ||    94
 Cast: Sandblast         |    34 |    25 |     2 ||    61
  Use: Scroll            |       |     5 |       ||     5
 Stab: Sleeping          |     3 |     4 |       ||     7
  Eat: Chunk             |     3 |     6 |       ||     9
Armor: Robe              |    29 |    97 |       ||   126
Dodge: Dodged            |    66 |   124 |     1 ||   191
